 Dungeon Crawl Stone Soup version 0.31-a0-1405-g2bb1a01664 (webtiles) character file.

Game seed: 4928578189555222086

1876 RepHenryClay the Cleaver (level 8, -4/58 HPs)
             Began as a Demonspawn Fighter on Dec 25, 2023.
             Was an Initiate of Okawaru.
             Slain by a two-headed ogre
             ... wielding a +0 giant club
              (5 damage)
             ... on level 8 of the Dungeon.
             The game lasted 00:15:52 (7166 turns).

RepHenryClay the Cleaver (Demonspawn Fighter)       Turns: 7166, Time: 00:15:53

Health: -4/58      AC: 17    Str: 23    XL:     8   Next: 91%
Magic:  8/8        EV:  6    Int: 13    God:    Okawaru [......]
Gold:   481        SH:  4    Dex: 12    Spells: 7/7 levels left

rFire   . . .        a - +1 war axe
rCold   . . .        c - +0 buckler
rNeg    . . .        m - +0 plate armour
rPois   .            E - +0 helmet
rElec   .            (no cloak)
rCorr   .            z - +0 pair of gloves
SInv    +            F - +0 pair of boots
Will    .....        (no amulet) Stlth
                     j - +6 ring of strength
HPRegen 0.29/turn    (no ring)
MPRegen 0.11/turn

%: no passive effects
@: mighty
A: slimy green scales 2, powered by death 1, see invisible, clever 1
a: Renounce Religion


You were on level 8 of the Dungeon.
You worshipped Okawaru.
Okawaru was noncommittal.
You visited 2 branches of the dungeon, and saw 9 of its levels.

You collected 481 gold pieces.

Inventory:

Hand Weapons
 a - a +1 war axe (weapon)
 b - a +0 spear of venom
 C - a +0 vampiric hand axe
Missiles
 o - a curare-tipped dart (quivered)
Armour
 c - a +0 buckler (worn)
 m - a +0 plate armour (worn)
 u - a +0 helmet
 z - a +0 pair of gloves (worn)
 E - a +0 helmet (worn)
 F - a +0 pair of boots (worn)
Jewellery
 j - a +6 ring of strength (left hand)
 B - the amulet of Elemental Vulnerability {rPois rF-- rC-- AC+8}
   (You took it off an orc wizard on level 5 of the Dungeon)

   [amulet of nothing]

   AC+8:      It affects your AC (+8).
   rF--:      It makes you very vulnerable to fire.
   rC--:      It makes you very vulnerable to cold.
   rPois:     It protects you from poison
 D - a ring of wizardry
Scrolls
 e - 3 scrolls of immolation {unknown}
 f - 2 scrolls of enchant weapon
 l - 2 scrolls of blinking {unknown}
 n - 13 scrolls of identify {unknown}
 p - a scroll of silence {unknown}
 q - 2 scrolls of poison {unknown}
 r - 3 scrolls of enchant armour {unknown}
 t - a scroll of noise {unknown}
 v - 3 scrolls of teleportation
 w - 2 scrolls of amnesia {unknown}
 y - 2 scrolls of fog {unknown}
Potions
 d - 2 potions of might
 g - 2 potions of magic {unknown}
 h - a potion of degeneration {unknown}
 i - 2 potions of mutation
 k - a potion of attraction
 s - a potion of lignification {unknown}
 x - 2 potions of brilliance {unknown}
 A - a potion of resistance {unknown}
 G - a potion of haste {unknown}
 H - a potion of enlightenment {unknown}


   Skills:
 - Level 3.0 Fighting
 + Level 10.7 Axes
 - Level 2.7 Armour
 - Level 2.7 Shields


You had 7 spell levels left.
You didn't know any spells.
Your spell library contained the following spells:

 Spells                   Type           Power      Damage    Failure   Level
 Apportation              Tloc           0%         N/A       100%        1
 Freeze                   Ice            0%         1d3       100%        1
 Necrotise                Necr           0%         1d4       100%        1
 Slow                     Hex            0%         N/A       100%        1
 Sting                    Conj/Alch      0%         1d3       100%        1
 Jinxbite                 Hex            0%         N/A       100%        2
 Confusing Touch          Hex            0%         N/A       100%        3
 Dazzling Flash           Conj/Hex       0%         N/A       100%        3
 Frozen Ramparts          Ice            0%         1d1       100%        3
 Hailstorm                Conj/Ice       0%         3d5       100%        3
 Mephitic Cloud           Conj/Alch/Air  0%         N/A       100%        3
 Sigil of Binding         Hex            0%         N/A       100%        3
 Vampiric Draining        Necr           0%         2d6       100%        3
 Agony                    Necr           0%         N/A       100%        5
 Alistair's Intoxication  Alch           0%         N/A       100%        5
 Silence                  Hex/Air        0%         N/A       100%        5
 Summon Small Mammal      Summ           Unusable   N/A       N/A         1

Dungeon Overview and Level Annotations

Branches:
Dungeon (8/15)             Temple (1/1) D:5
   Lair: D:8-11

Altars:
Ashenzari
Dithmenos
Gozag
Hepliaklqana
Kikubaaqudgha
Makhleb
Nemelex Xobeh
Okawaru
Ru
Sif Muna
Trog
Vehumet
Wu Jian
Xom
Yredelemnul

Portals:
Abyss: D:6

Annotations:
D:3 1 runed translucent door, Sundig's ghost, weakling DgFi
D:6 6 runed translucent doors, 2 transporters, Crazy Yiuf; THTSBRD's ghost, novice HOMo


Innate Abilities, Weirdness & Mutations

You are mostly covered in slimy green scales. (AC +3)
You regenerate a little health from kills.
You have supernaturally acute eyesight. (SInv)
Your mind is acute. (Int +4, Str/Dex -1)


Message History

You open the door.
There is an open door here.
A two-headed ogre comes into view.
It is wielding a +0 giant club and a +0 giant spiked club.
The two-headed ogre shouts in stereo!
There is an iron altar of Okawaru here.
You kneel at the altar of Okawaru.
Okawaru welcomes you!
Unknown command.
Press < or > to pray at altars.
Unknown command.
Press < or > to pray at altars.
Throw: 2 darts (curare)
Press: ? - help, Q - select action Shift-Dir - straight line, f - two-headed ogre
Aim: a two-headed ogre, wielding a +0 giant club and a +0 giant spiked club (71% to hit)
You throw a curare-tipped dart.
The curare-tipped dart hits the two-headed ogre.
The two-headed ogre is poisoned.
The two-headed ogre convulses.
The two-headed ogre seems to slow down.
The two-headed ogre is lightly wounded.
The two-headed ogre hits you with a +0 giant club!!
The two-headed ogre hits you with a +0 giant spiked club!
* * * LOW HITPOINT WARNING * * *
Huge Dmg: -67%(-39hp) hp: 33%(19hp) Welcome back, RepHenryClay the Demonspawn Fighter.
Okawaru says: Bring me glory in combat!
Press ? for a list of commands and other information.
Okay, then.
Unknown command.
You feel very mighty all of a sudden.
You closely miss the two-headed ogre.
The two-headed ogre is lightly wounded.
You block the two-headed ogre's attack. x2
You closely miss the two-headed ogre.
The two-headed ogre is lightly wounded.
You slash the two-headed ogre!
The two-headed ogre is heavily wounded.
The two-headed ogre hits you with a +0 giant club!!
* * * LOW HITPOINT WARNING * * *
The two-headed ogre hits you with a +0 giant spiked club.
You die...

... ###.#...## ##### ....
#.......#
....O######.#.#.#.#
............#.#.#.#
........##..#.#.#'#######
........##..#.#.........#
........##.(#'#.........+
^###....##..O...........#
...........@............
.♣♣♣♣..####.._..####..♣♣♣
. .....................
....##.#............## #
#..............#
######.........
.......... ≈.........
.§.########


You could see a two-headed ogre (very poisoned, slow).

Vanquished Creatures
  A steam dragon (D:7)
  2 water moccasins
  An ice beast (D:7)
  2 black bears
  A phantom (D:5)
  A scorpion (D:6)
  5 wights (D:6)
  A howler monkey (D:6)
  4 hounds
  2 bombardier beetles
  5 orc priests
  2 jellies (D:6)
  A sleepcap (D:2)
  2 iguanas (D:7)
  4 orc wizards
  9 adders
  3 gnolls
  A shadow imp (D:5)
  A white imp (D:5)
  A worm (D:4)
  2 dart slugs (D:2)
  25 orcs
  4 ball pythons
  9 endoplasms
  6 giant cockroaches
  8 goblins
  6 hobgoblins
  4 jackals (D:4)
  11 kobolds
  6 quokkas
  6 bats
  5 frilled lizards
  6 rats
147 creatures vanquished.

Notes
Turn   | Place    | Note
-------+----------+-------------------------------------------
     0 | D:1      | RepHenryClay the Demonspawn Fighter began the quest for the
                  | Orb.
     0 | D:1      | Reached XP level 1. HP: 18/18 MP: 1/1
    78 | D:1      | Reached skill level 2 in Axes
   234 | D:1      | Gained mutation: You regenerate a little health from kills.
                  | [demonic ancestry]
   234 | D:1      | Reached XP level 2. HP: 19/24 MP: 2/2
   537 | D:1      | Reached skill level 3 in Axes
   726 | D:2      | Gained mutation: You are partially covered in slimy green
                  | scales. (AC +2) [demonic ancestry]
   726 | D:2      | Reached XP level 3. HP: 25/29 MP: 3/3
   912 | D:2      | Reached XP level 4. HP: 34/35 MP: 4/4
   927 | D:2      | Reached skill level 4 in Axes
  1012 | D:2      | Found an ancient bone altar of Kikubaaqudgha.
  1084 | D:2      | You fall into a shaft and drop 1 floor!
  1148 | D:3      | Found a runed translucent door.
  1149 | D:3      | Noticed Sundig's ghost (weakling DgFi)
  2115 | D:3      | Found a faded altar of an unknown god.
  2255 | D:3      | Gained mutation: You have supernaturally acute eyesight.
                  | (SInv) [potion of mutation]
  2255 | D:3      | Gained mutation: Your mind is acute. (Int +4, Str/Dex -1)
                  | [potion of mutation]
  2273 | D:3      | Reached XP level 5. HP: 31/41 MP: 5/5
  2321 | D:3      | Reached skill level 5 in Axes
  2743 | D:4      | Noticed a black bear
  2775 | D:4      | Killed a black bear
  2776 | D:4      | Gained mutation: You are mostly covered in slimy green
                  | scales. (AC +3) [demonic ancestry]
  2776 | D:4      | Reached XP level 6. HP: 33/47 MP: 6/6
  2950 | D:4      | Reached skill level 6 in Axes
  3022 | D:4      | Found a sacrificial altar of Ru.
  3429 | D:4      | Found a broken altar of Ashenzari.
  3824 | D:5      | Entered Level 5 of the Dungeon
  3834 | D:5      | Reached XP level 7. HP: 52/52 MP: 7/7
  3834 | D:5      | Found a staircase to the Ecumenical Temple.
  3854 | Temple   | Entered the Ecumenical Temple
  3906 | D:5      | Reached skill level 7 in Axes
  4533 | D:5      | Found an ornate altar of the Wu Jian Council.
  4585 | D:5      | Reached skill level 8 in Axes
  4919 | D:6      | Identified the +2 rapier "Dragonslayer" {venom, rPois rCorr
                  | Str+2 Int+3}
  4941 | D:6      | Reached XP level 8. HP: 33/58 MP: 8/8
  5149 | D:6      | Found the +9 staff of Olgreb {rPois∞}
  5162 | D:6      | Found a runed translucent gate.
  5162 | D:6      | Found a runed translucent gate.
  5163 | D:6      | Found a runed translucent door.
  5176 | D:6      | Found a runed translucent gate.
  5191 | D:6      | Found a runed translucent door.
  5231 | D:6      | Reached skill level 9 in Axes
  5508 | D:6      | Found a one-way gate to the infinite horrors of the Abyss.
  5508 | D:6      | Noticed THTSBRD's ghost (novice HOMo)
  5509 | D:6      | Noticed an occultist
  5511 | D:6      | Noticed an ancient zyme
  5540 | D:6      | Found a transporter.
  5540 | D:6      | Found a transporter.
  5643 | D:6      | Found a runed translucent door.
  5901 | D:6      | Noticed Crazy Yiuf
  6223 | D:7      | Reached skill level 10 in Axes
  6387 | D:7      | Found a shadowy altar of Dithmenos.
  7129 | D:8      | Found an iron altar of Okawaru.
  7149 | D:8      | Noticed a two-headed ogre
  7158 | D:8      | Became a worshipper of Warmaster Okawaru
  7166 | D:8      | HP: 1/58 [two-headed ogre/+0 giant club (19)]
  7166 | D:8      | Slain by a two-headed ogre

Illustrated notes

Levels and vault maps discovered:
D:1:      dpeg_arrival_simpleton_c, layout_basic, minmay_statues_item
D:2:      layout_loops_corners, basic_altar, minmay_increasing_density
D:3:      layout_basic, hellmonk_ghost_happy_afterlife,
          dreamdust_ecumenical_altar_hidden_monk_grotto
D:4:      wad_river_or_something, layout_basic, old_standard_altar,
          amcnicky_altar_gilded
D:5:      lemuel_ice_spiral_2, layout_rooms, kennysheep_little_box,
          minmay_temple_entry_trees
D:6:      layout_loops_ring, zin_academy, gammafunk_ghost_abyssal_escape,
          minmay_guarded_unrand_staff_of_olgreb, uniq_crazy_yiuf_cottage
D:7:      layout_gridville, mainiacjoe_overflow_tiny_flanked
D:8:      layout_basic, nicolae_qazlal_beasts_of_the_sky, slow_altar_2,
          mainiacjoe_overflow_boulevard, mainiacjoe_overflow_small_starburst,
          mainiacjoe_overflow_brackets, dpeg_oklobed_lair
Temple:   chequers_temple_sunken

Skill      XL: |  1  2  3  4  5  6  7  8 |
---------------+-------------------------+-----
Axes           | 2 3 4 5 6 8 10 | 10.7
Fighting       | |  3.0
Armour         | |  2.7
Shields        | |  2.7

Action                     |  1- 3 |  4- 6 |  7- 9 || total
---------------------------+-------+-------+-------++-------
  Melee: War axe           |   115 |   271 |   197 ||   583
         Spear             |       |       |    58 ||    58
  Throw: Dart              |       |     2 |     3 ||     5
    Use: Potion            |       |     3 |     3 ||     6
         Scroll            |       |       |     2 ||     2
 Armour: Scale mail        |    56 |       |       ||    56
         Plate armour      |    26 |   296 |   227 ||   549
  Dodge: Dodged            |    46 |    69 |    54 ||   169
  Block: Buckler           |    33 |    67 |    42 ||   142

Table legend: (Time is in decaauts)
 A = Elapsed time spent in this place.
 B = Non-inter-level travel time spent in this place.
 C = Inter-level travel time spent in this place.
 D = Time resting spent in this place.
 E = Time spent auto-exploring this place.
 F = Levels seen in this place.
 G = Mean time per level.
                   A        B        C        D        E       F      G
               +--------+--------+--------+--------+--------+-----+--------+
         Total |   7297 |   7014 |    283 |    150 |   5398 |   9 |  810.8 |
       Dungeon |   7250 |   6967 |    283 |    109 |   5398 |   8 |  906.2 |
        Temple |     47 |     47 |      0 |     41 |      0 |   1 |   47.0 |
               +--------+--------+--------+--------+--------+-----+--------+

Top non-repeatable levels by time:
     D:2: 1136 daAuts
     D:4: 1134 daAuts
     D:7: 1132 daAuts
     D:6: 1075 daAuts
     D:5: 1016 daAuts
     D:3: 919 daAuts
     D:1: 756 daAuts
     D:8: 78 daAuts
  Temple: 47 daAuts
